 Dungeon Crawl Stone Soup version 0.30.1-9-gdf580d7c3d (webtiles) character file.

Game seed: 5844064159363688485

872 Anriel the Trooper (level 8, -5/62 HPs)
             Began as a Human Fighter on Oct 10, 2023.
             Slain by Edmund
             ... wielding a +2 dire flail of distortion
              (12 damage)
             ... on level 5 of the Dungeon.
             The game lasted 00:17:56 (3568 turns).

Anriel the Trooper (Human Fighter)                  Turns: 3568, Time: 00:17:57

Health: -5/62      AC: 13    Str: 20    XL:     8   Next: 24%
Magic:  8/8        EV:  7    Int:  8    God:
Gold:   244        SH:  9    Dex: 12    Spells: 7/7 levels left

rFire   . . .        a - +0 flail
rCold   . . .        c - +0 buckler
rNeg    . . .        f - +0 chain mail
rPois   .            q - +0 helmet
rElec   .            l - +0 cloak
rCorr   .            i - +0 pair of gloves
SInv    .            b - +0 pair of boots
Will    .....        t - amulet of reflection Stlth
                     (no ring)
HPRegen 0.30/turn    (no ring)
MPRegen 0.11/turn

%: reflection
@: hasted, very quick
A: no striking features
a: no special abilities


You were on level 5 of the Dungeon.
You visited 2 branches of the dungeon, and saw 6 of its levels.

You collected 244 gold pieces.

Inventory:

Hand Weapons
 a - a +0 flail (weapon)
Missiles
 o - 6 javelins (quivered)
Armour
 b - a +0 pair of boots (worn)
 c - a +0 buckler (worn)
 f - a +0 chain mail (worn)
 i - a +0 pair of gloves (worn)
 l - a +0 cloak (worn)
 q - a +0 helmet (worn)
Jewellery
 g - an amulet of the acrobat
 j - a ring of flight
 t - an amulet of reflection (around neck)
Wands
 h - a wand of flame (22)
Scrolls
 d - 2 scrolls of teleportation
 e - a scroll of amnesia
 k - 3 scrolls of identify
 u - a scroll of blinking
Potions
 n - a potion of magic
 p - a potion of curing
 s - a potion of lignification


   Skills:
 - Level 5.1 Fighting
 + Level 4.8 Maces & Flails
 - Level 5.0 Throwing
 + Level 3.4 Armour
 - Level 3.0 Shields
 * Level 2.9 Evocations


You had 7 spell levels left.
You didn't know any spells.
Your spell library contained the following spells:

 Spells                   Type           Power      Damage    Failure   Level
 Sting                    Tmut/Pois      0%         1d3       99%         1
 Cigotuvi's Dreadful Rot  Necr/Pois/Air  0%         N/A       99%         2
 Poisonous Vapours        Pois/Air       0%         N/A       99%         2
 Ignite Poison            Fire/Tmut/Pois 0%         N/A       100%        3
 Dispel Undead            Necr           0%         3d6       100%        4
 Olgreb's Toxic Radiance  Pois           0%         N/A       100%        4
 Sticky Flame             Conj/Fire      0%         2d3       100%        4
 Death Channel            Necr           0%         N/A       100%        6
 Ignition                 Fire           0%         3d3       100%        8


Dungeon Overview and Level Annotations

Branches:
Dungeon (5/15)             Temple (1/1) D:5

Altars:
Cheibriados
Dithmenos
Elyvilon
Gozag
Hepliaklqana
Qazlal
Ru
Sif Muna
Uskayaw
Vehumet
Wu Jian
Yredelemnul
Zin

Annotations:
D:5 Edmund


Message History

Edmund the Younger comes into view.
He is wielding a +2 dire flail of distortion.
The hound barely misses you.
Edmund shouts!
You sock the iguana!
You kill the iguana!
The hound bites you but does no damage.
You sock the hound!
The hound is severely wounded.
The hound bites you. The hound bites you but does no damage.
You hit the hound.
The hound is severely wounded.
You block the hound's attack. The hound barely misses you.
Edmund drinks a potion.
Edmund seems to speed up.
You sock the hound!
You kill the hound!
The white imp hits you. The white imp freezes you.
You closely miss the white imp.
The white imp is severely wounded.
You hear the brisk rusting of a very distant drain.
The white imp barely misses you.
You completely miss the white imp.
The white imp is severely wounded.
You block the white imp's attack. You block Edmund's attack.
The white imp hits you but does no damage.
You sock the white imp!
You kill the white imp!
You block Edmund's attack.
Edmund hits you with a +2 dire flail of distortion!
Space warps around you!
You feel yourself speed up.
Edmund hits you with a +2 dire flail of distortion.
Space warps around you.
* * * LOW HITPOINT WARNING * * *
Edmund hits you with a +2 dire flail of distortion.
* * * LOW HITPOINT WARNING * * *
Space warps around you.
* * * LOW HITPOINT WARNING * * *
Edmund attacks as you move away!
Edmund hits you with a +2 dire flail of distortion!
You die...

#.........## ......
#............ ....#
###..#.....### ....
#..#.......###..## .
##......§.........#...
#...(##§#.............
#...§#§§§#..../.......
##§§#.#.#.#.#@#.......
####§§§§_§§§.@†........
##..§§#§#§#.#.......###.
##..###§#§§§#.###...##
#..## ###.#..# #.## #.##
#...## ## ##.##########.
#...#...#...#.
#.⌠...⌠...⌠.#
#...#...#...#


You could see Edmund (fast).

Vanquished Creatures
  Grinder (D:3)
  Sigmund (D:3)
  An ogre (D:4)
  A scorpion (D:4)
  4 hounds
  Crazy Yiuf (D:3)
  Ijyb (D:3)
  2 iguanas
  3 adders
  A white imp (D:5)
  2 worms (D:2)
  3 dart slugs
  6 orcs
  10 ball pythons
  8 endoplasms
  3 giant cockroaches
  7 hobgoblins
  3 jackals (D:2)
  7 quokkas
  7 bats
  A frilled lizard (D:3)
  11 goblins
  4 kobolds
  A rat (D:3)
89 creatures vanquished.

Notes
Turn   | Place    | Note
-------+----------+-------------------------------------------
     0 | D:1      | Anriel the Human Fighter began the quest for the Orb.
     0 | D:1      | Reached XP level 1. HP: 18/18 MP: 1/1
   170 | D:1      | Reached XP level 2. HP: 21/24 MP: 2/2
   383 | D:1      | Reached skill level 1 in Throwing
   383 | D:1      | Reached XP level 3. HP: 29/29 MP: 3/3
  1145 | D:2      | Reached XP level 4. HP: 35/35 MP: 4/4
  1793 | D:3      | Found a shimmering blue altar of Sif Muna.
  1796 | D:3      | Reached XP level 5. HP: 42/42 MP: 5/5
  1817 | D:3      | Noticed Sigmund
  1872 | D:3      | Noticed Ijyb
  2134 | D:3      | Killed Ijyb
  2220 | D:3      | Killed Sigmund
  2221 | D:3      | Reached XP level 6. HP: 48/48 MP: 6/6
  2232 | D:3      | Noticed Grinder
  2245 | D:3      | Paralysed by Grinder for 2 turns
  2251 | D:3      | Paralysed by Grinder for 2 turns
  2254 | D:3      | Killed Grinder
  2255 | D:3      | Reached XP level 7. HP: 24/55 MP: 7/7
  2393 | D:3      | Found a runed translucent door.
  2394 | D:3      | Noticed Crazy Yiuf
  2405 | D:3      | Killed Crazy Yiuf
  2741 | D:4      | Reached skill level 5 in Throwing
  2840 | D:4      | Reached skill level 1 in Evocations
  3038 | D:4      | Reached skill level 5 in Fighting
  3038 | D:4      | Reached XP level 8. HP: 19/62 MP: 8/8
  3369 | D:5      | Entered Level 5 of the Dungeon
  3431 | D:5      | Found a shadowy altar of Dithmenos.
  3457 | D:5      | Found a staircase to the Ecumenical Temple.
  3470 | Temple   | Entered the Ecumenical Temple
  3470 | Temple   | Found a transporter.
  3470 | Temple   | Found a transporter.
  3472 | Temple   | Found a transporter.
  3472 | Temple   | Found a transporter.
  3559 | D:5      | Noticed Edmund
  3568 | D:5      | Slain by Edmund

Illustrated notes

Levels and vault maps discovered:
D:1:      eino_arrival_water_cross, layout_basic, dreamdust_wishing_well
D:2:      layout_loops_ring, serial_bayou, serial_bayou_pond_e,
          serial_bayou_shore_a, serial_bayou_pond_d, serial_bayou_pond_e,
          serial_bayou_pond_d
D:3:      layout_basic, mainiacjoe_overflow_surrounded_room,
          uniq_crazy_yiuf_cottage, uniq_ijyb, uniq_grinder, uniq_sigmund
D:4:      layout_cave_pools
D:5:      layout_cave_pools, grunt_dithmenos_smoke_and_mirrors,
          minmay_temple_entry_nine_rooms, serial_column_ruins,
          column_ruins_square_large, column_ruins_hut_pillars,
          column_ruins_grid_1, column_ruins_grid_4, column_ruins_grid_1,
          column_ruins_open_small, column_ruins_columns_straight,
          lightli_sewer_entry_pipes, dreamdust_gnoll_farm, uniq_edmund,
          uniq_menkaure
Temple:   hellmonk_temple_divided_pantheon

Skill      XL: |  1  2  3  4  5  6  7 |
---------------+----------------------+-----
Throwing       | 1 2 4 5 |  5.0
Maces & Flails | 3 4 |  4.8
Fighting       | 4 5 |  5.1
Evocations     | 2 |  2.9
Armour         | |  3.4
Shields        | |  3.0

Action                     |  1- 3 |  4- 6 |  7- 9 || total
---------------------------+-------+-------+-------++-------
  Melee: Flail             |    98 |   108 |   106 ||   312
  Throw: Stone             |    13 |    15 |       ||    28
         Javelin           |       |     9 |     2 ||    11
    Use: Scroll            |     4 |     3 |     7 ||    14
         Potion            |       |     3 |     1 ||     4
 Armour: Scale mail        |     6 |       |       ||     6
         Chain mail        |    49 |    60 |    63 ||   172
  Dodge: Dodged            |    31 |    47 |    48 ||   126
  Block: Buckler           |    18 |    23 |    34 ||    75
